 Dungeon Crawl Stone Soup version 0.24-a0-525-g9231cdcba1 (webtiles) character file.

Game seed: 1697038132054505887

140 Gargoyl the Skirmisher (level 5, -3/46 HPs)
             Began as a Centaur Abyssal Knight on Aug 2, 2019.
             Was a Believer of Lugonu.
             Slain by Crazy Yiuf
             ... wielding a +3 quarterstaff of chaos
              (20 damage)
             ... on level 2 of the Dungeon.
             The game lasted 00:04:07 (2868 turns).

Gargoyl the Skirmisher (Centaur Abyssal Knight)     Turns: 2868, Time: 00:04:08

Health: -3/46      AC: 10    Str: 14    XL:     5   Next: 2%
Magic:  16/16      EV:  4    Int: 11    God:    Lugonu [**....]
Gold:   176        SH:  0    Dex: 10    Spells: 4/4 levels left

rFire    . . .     SeeInvis .   a - +2 hand axe
rCold    . . .     Gourm    .   (no shield)
rNeg     . . .     Faith    .   n - +0 chain mail
rPois    .         Spirit   .   (no helmet)
rElec    .         Reflect  .   m - +0 cloak
rCorr    .         Harm     .   o - +0 pair of gloves
MR       .....                  (no barding)
Stlth    ..........             e - amulet of the acrobat
HPRegen  0.15/turn              q - ring of magical power
MPRegen  0.15/turn              (no ring)

@: about to teleport, very quick
A: large, hooves 3, deformed body, speed 2, tough skin 3
a: Depart the Abyss, Bend Space, Renounce Religion


You were on level 2 of the Dungeon.
You worshipped Lugonu.
Lugonu was pleased with you.
You were hungry.

You visited 1 branch of the dungeon, and saw 4 of its levels.
You visited the Abyss 1 time.

You collected 176 gold pieces.

Inventory:

Hand Weapons
 a - a +2 hand axe (weapon)
Missiles
 f - 6 javelins (quivered)
Armour
 m - a +0 cloak (worn)
 n - a +0 chain mail (worn)
 o - a +0 pair of gloves (worn)
Jewellery
 e - an amulet of the acrobat (around neck)
 q - a ring of magical power (left hand)
Scrolls
 d - 5 scrolls of teleportation
 i - 3 scrolls of identify
 r - a scroll of remove curse
 u - a scroll of enchant weapon
Potions
 b - a potion of heal wounds {unknown}
 g - a potion of might {unknown}
 h - a potion of cancellation {unknown}
 j - a potion of lignification
 k - a potion of brilliance {unknown}
 l - a potion of magic {unknown}
 p - a potion of curing
 s - 2 potions of agility {unknown}
 t - a potion of berserk rage {unknown}
Comestibles
 c - 6 rations


   Skills:
 + Level 3.8 Fighting
 + Level 2.7 Axes
 * Level 2.2 Armour
 * Level 1.3 Dodging
 * Level 2.8 Invocations


You had 4 spell levels left.
You didn't know any spells.
Your spell library was empty.

Dungeon Overview and Level Annotations

Branches:
Dungeon (4/15)
 Temple: D:4-7

Altars:

Annotations:
D:2 Crazy Yiuf


Innate Abilities, Weirdness & Mutations

You have hooves in place of feet.
Armour fits poorly on your strangely shaped body.
You cover ground very quickly.
You have extremely tough skin. (AC +3)


Message History

You hit Crazy Yiuf. You kick Crazy Yiuf.
Crazy Yiuf is severely wounded.
Crazy Yiuf hits you but does no damage.
You hit Crazy Yiuf but do no damage. You kick Crazy Yiuf.
Crazy Yiuf is almost dead.
Crazy Yiuf barely misses you.
You hit Crazy Yiuf but do no damage.
Crazy Yiuf is almost dead.
Crazy Yiuf cries, "Whippet!"
Crazy Yiuf hits you with a +3 quarterstaff of chaos.
You feel strangely unstable.
You closely miss Crazy Yiuf.
Crazy Yiuf is almost dead.
Crazy Yiuf grits, "Leather poople canine!"
Crazy Yiuf completely misses you.
You closely miss Crazy Yiuf.
Crazy Yiuf is almost dead.
Crazy Yiuf grits, "Mountain!
Cholesterol koolooloo leg."
Crazy Yiuf hits you but does no damage.
You are electrocuted!!
You die...

..# #....#
#+..'#
#...#.#.# #
..# #.####
#....#
#...#.#.# #
<.# #.#
♣....♣
#...#.#.# #
..# #.#
♣♣...♣
#..<#.#.# #
..# #.#
♣♣.♣♣
#.....#.# #
..# #.# ♣♣.♣
#...###.# #
..# #.# ♣.♣♣
#.#.....# #
..## #.#
♣♣.♣
#.##########
...# #.#
♣@♣♣
#...........
.#.# #.#
*#g#*
#.##########
.#.###.##
*...* ###
.#..##..#
#...#
.##.##..#
#)..#
.#......#
#####
.#.#.#..#
...#....#
#####...#


You could see Crazy Yiuf.

Vanquished Creatures
  An orc priest (D:3)
  An iguana (D:4)
  2 adders
  A worm (D:3)
  3 leopard geckos
  4 orcs (D:3)
  3 giant cockroaches
  13 goblins
  5 hobgoblins
  3 jackals (D:1)
  2 kobolds (D:1)
  3 quokkas (D:2)
  7 bats
  5 frilled lizards
  3 rats
  2 toadstools (D:1)
58 creatures vanquished.

Vanquished Creatures (others)
  2 toadstools (D:1)
2 creatures vanquished.

Grand Total: 60 creatures vanquished

Notes
Turn   | Place    | Note
-------+----------+-------------------------------------------
     0 | Abyss:1  | Gargoyl the Centaur Abyssal Knight began the quest for the
                  | Orb.
     0 | Abyss:1  | Reached XP level 1. HP: 19/19 MP: 2/2
     6 | Abyss:1  | Found a roughly hewn altar of Beogh.
   150 | Abyss:1  | Noticed a ynoxinul
   157 | Abyss:1  | Noticed a demonic crawler
   162 | D:1      | Escaped the Abyss
   288 | D:1      | Reached * piety under Lugonu
   326 | D:1      | Reached XP level 2. HP: 20/26 MP: 3/3
   853 | D:2      | Reached skill level 1 in Dodging
   853 | D:2      | Reached XP level 3. HP: 22/31 MP: 4/4
  1053 | D:2      | You fall into a shaft and drop 2 floors!
  1407 | D:3      | Reached XP level 4. HP: 10/38 MP: 5/5
  2070 | D:3      | Reached ** piety under Lugonu
  2440 | D:2      | Found a runed translucent door.
  2441 | D:2      | Noticed Crazy Yiuf
  2647 | D:2      | Reached XP level 5. HP: 46/46 MP: 7/7
  2868 | D:2      | Slain by Crazy Yiuf

Levels and vault maps discovered:
D:1:      ldierk_water_garden, layout_loops_ring
D:2:      layout_basic, uniq_crazy_yiuf_cottage
D:3:      layout_basic, minmay_misc_feat_square, minmay_misc_feat_nine_boxes,
          kennysheep_generic_room_8
D:4:      layout_loops_ring, first_ration, roderic_lattice_a, uniq_ijyb

Skill      XL: |  1  2  3 |
---------------+----------+-----
Axes           | 2 |  2.7
Dodging        | 1 |  1.3
Armour         | 2 |  2.2
Fighting       | |  3.8
Invocations    | |  2.8

Action                   |  1- 3 |  4- 6 || total
-------------------------+-------+-------++-------
Melee: Hand axe          |    90 |    83 ||   173
       Kick              |    11 |    10 ||    21
Throw: Javelin           |       |     6 ||     6
Invok: Depart the Abyss  |     1 |       ||     1
  Use: Potion            |     2 |     1 ||     3
       Scroll            |     4 |     5 ||     9
 Stab: Invisible         |     2 |       ||     2
  Eat: Chunk             |     1 |     3 ||     4
Armor: Ring mail         |    46 |     8 ||    54
       Chain mail        |       |    50 ||    50
       Skin              |       |    10 ||    10
Dodge: Dodged            |    70 |    56 ||   126

Table legend:
 A = Non-vault XP
 B = Vault XP
 C = Vault XP percentage of total XP
 D = Non-vault monster count
 E = Vault monster count
 F = Vault count percentage of total count
                 A         B        C        D         E       F
            +---------+---------+-------+---------+---------+-------
      Total |     198 |       3 |   1.5 |      55 |       1 |   1.8
            +---------+---------+-------+---------+---------+-------
        D:1 |      33 |       0 |   0.0 |      19 |       0 |   0.0
        D:2 |      43 |       0 |   0.0 |      18 |       0 |   0.0
        D:3 |      85 |       3 |   3.4 |      15 |       1 |   6.2
        D:4 |      37 |       0 |   0.0 |       3 |       0 |   0.0
            +---------+---------+-------+---------+---------+-------
